 Dungeon Crawl Stone Soup version 0.29-a0-1047-g7c58e119a4 (webtiles) character file.

Game seed: 13413250130967633687

30 Zeldest the Chopper (level 3, -1/33 HPs)
             Began as a Meteoran Cinder Acolyte on Aug 16, 2022.
             Was a High Priest of Ignis.
             Slain by Terence
             ... wielding a +0 hand axe
              (6 damage)
             ... on level 3 of the Dungeon.
             The game lasted 00:03:07 (437 turns).

Zeldest the Chopper (Meteoran Cinder Acolyte)        Turns: 437, Time: 00:03:08

Health: -1/33      AC:  2    Str: 15    XL:     3   Next: 58%
Magic:  0/6        EV: 11    Int: 18    God:    Ignis [*****.]
Gold:   68         SH:  0    Dex:  9    Spells: 3/5 levels left

rFire   + + .      SeeInvis .   a - -1 hand axe (flame)
rCold   x . .      Faith    .   (no shield)
rNeg    . . .      Spirit   .   b - +0 robe
rPois   .          Reflect  .   (no helmet)
rElec   .          Harm     .   (no cloak)
rCorr   .          Rampage  .   (no gloves)
Will    .....                   (no boots)
Stlth   +.........              (no amulet)
HPRegen 0.11/turn               f - ring of fire
MPRegen 0.10/turn               (no ring)

@: glowing
A: sense surroundings 1, otherworldly, glowing, explore regen
a: Renounce Religion, Fiery Armour, Foxfire Swarm, Rising Flame


You were on level 3 of the Dungeon.
You worshipped Ignis.
Ignis was extremely pleased with you.
You visited 1 branch of the dungeon, and saw 3 of its levels.

You collected 68 gold pieces.

Inventory:

Hand Weapons
 a - a -1 hand axe of flaming (weapon)
Armour
 b - a +0 robe (worn)
Jewellery
 f - a ring of fire (left hand)
Scrolls
 d - a scroll of amnesia {unknown}
 e - a scroll of magic mapping {unknown}
 g - a scroll of fear {unknown}
Potions
 c - a potion of might {unknown}
 h - a potion of heal wounds {unknown}


   Skills:
 + Level 3.8 Fighting
 + Level 4.2 Axes
 + Level 1.7 Spellcasting
 * Level 1.0 Necromancy
 - Level 3.6 Fire Magic


You had 3 spell levels left.
You knew the following spells:

 Your Spells              Type           Power      Damage    Failure   Level
a - Scorch                Fire           42%        2d7       6%          2

Your spell library contained the following spells:

 Spells                   Type           Power      Damage    Failure   Level


Dungeon Overview and Level Annotations

Branches:
Dungeon (3/15) Zot: 1357

Altars:

Annotations:
D:3 Terence


Innate Abilities, Weirdness & Mutations

You passively map a small area around you.
You are easily found by Zot.
You glow in the dark.
You regain HP and MP as you explore.


Message History

Casting: Scorch (safe; 6% risk of failure)
Press: ? - help, Q - select action Dir - look around, f - activate
Okay, then.
You barely miss the hobgoblin.
The hobgoblin is severely wounded.
You hit Terence but do no damage. The hobgoblin hits you.
Terence hits you with a +0 hand axe!
You slash the hobgoblin! You burn the hobgoblin.
You kill the hobgoblin!
You barely miss Terence. Terence hits you with a +0 hand axe.
Casting: Scorch (safe; 6% risk of failure)
Press: ? - help, Q - select action Dir - look around, f - activate
Okay, then.
Okay, then.
Okay, then.
Okay, then.
Cleave: a) -1 hand axe (flame)
Press: ? - help, Dir - move target, f - Terence
Aim: Terence, wielding a +0 hand axe and wearing a +0 scale mail (about 39% to evade your -1 hand axe of flaming)
Okay, then.
Casting: Scorch (safe; 6% risk of failure)
Press: ? - help, Q - select action Dir - look around, f - activate You feel a surge of power!
Flames lash the frilled lizard.
You kill the frilled lizard!
Terence hits you with a +0 hand axe.
* * * LOW HITPOINT WARNING * * *
Casting: Scorch (safe; 6% risk of failure)
Press: ? - help, Q - select action Dir - look around, f - activate You feel a surge of power!
Flames lash Terence.
Terence is lightly wounded.
Terence's fire resistance burns away.
Terence screams, "I'm going to kill you!"
Terence hits you with a +0 hand axe.
* * * LOW HITPOINT WARNING * * *
Casting: Scorch (safe; 6% risk of failure)
Press: ? - help, Q - select action Dir - look around, f - activate You feel a surge of power!
Flames lash the rat.
You kill the rat!
Terence hits you with a +0 hand axe.
You die...

, ** *......#.#.#
...#.#.#.#
.....?.... , , *
..#....# ***
.......## , *,
#........ *
#........
*#@....... * ~ #
#@##...##* #.##K#
.# *
###..w.####.####
.........<.......
~ ,
####..##..##..###
* ##.#..... .# ,
~~ * * #.........
, ##..........


You could see Terence (combustible), a dart slug and a kobold.

Vanquished Creatures
  2 dart slugs
  2 ball pythons (D:1)
  2 endoplasms
  A giant cockroach (D:3)
  2 goblins
  A hobgoblin (D:3)
  6 jackals
  A bat (D:2)
  A frilled lizard (D:3)
  3 kobolds
  3 rats
24 creatures vanquished.

Notes
Turn   | Place    | Note
-------+----------+-------------------------------------------
     0 | D:1      | Zeldest the Meteoran Cinder Acolyte began the quest for the
                  | Orb.
     0 | D:1      | Reached XP level 1. HP: 19/19 MP: 3/3
    73 | D:1      | Reached XP level 2. HP: 4/26 MP: 5/5
   194 | D:1      | Reached skill level 4 in Axes
   227 | D:2      | Learned a level 2 spell: Scorch
   236 | D:1      | Found a faded altar of an unknown god.
   274 | D:2      | Reached XP level 3. HP: 32/33 MP: 4/6
   364 | D:2      | Reached skill level 1 in Necromancy
   422 | D:3      | Noticed Terence
   437 | D:3      | Slain by Terence

Illustrated notes

Levels and vault maps discovered:
D:1:      dpeg_arrival_solitude, layout_basic, shapermc_ecumenical_altar_venn
D:2:      layout_basic, serial_shops, nicolae_shop_behind_doors,
          minmay_randomly_rotated_circles
D:3:      layout_loops_ring, portal_sewer_entry_e, st_stairs_5,
          serial_bayou_lagoon_a, minmay_door_square, serial_bayou_lake_a,
          uniq_terence, uniq_jessica, uniq_crazy_yiuf_cottage

Skill      XL: |  1  2  3 |
---------------+----------+-----
Axes           | 4 |  4.2
Necromancy     | 1 |  1.0
Fighting       | |  3.8
Spellcasting   | |  1.7
Fire Magic     | |  3.6

Action                   || total
-------------------------++-------
Melee: Hand axe          ||    52
 Cast: Scorch            ||    11
Armor: Robe              ||    17
Dodge: Dodged            ||    29

Table legend: (Time is in decaauts)
 A = Elapsed time spent in this place.
 B = Non-inter-level travel time spent in this place.
 C = Inter-level travel time spent in this place.
 D = Time resting spent in this place.
 E = Time spent auto-exploring this place.
 F = Levels seen in this place.
 G = Mean time per level.
                   A        B        C        D        E       F      G
               +--------+--------+--------+--------+--------+-----+--------+
         Total |    441 |    441 |      0 |      0 |      0 |   3 |  147.0 |
       Dungeon |    441 |    441 |      0 |      0 |      0 |   3 |  147.0 |
               +--------+--------+--------+--------+--------+-----+--------+

Top non-repeatable levels by time:
     D:1: 229 daAuts
     D:2: 197 daAuts
     D:3: 15 daAuts
